Map: Nocny Mrok ER

Players

kers - Winner!

  • Race: Protoss Protoss
  • League: Platinum
  • Spawn Location: 5:00

VOD

Have the link to the VOD?

Description

Time

  • Played on: March 1, 2020, 2:22 p.m.
  • Length: 10:33
Show
View Real Time Build Order
Export as new Build Order

kers Protoss - Winner!

Build Orders: 1 Gate Expand, Archon Immortal 

Get SALT Encoding   

  12  0:02  Probe  
  12  0:14  Probe  
  12  0:17  Pylon  
  12  0:26  Probe  
  12  0:36  Gateway  
  12  0:38  Probe (Chrono Boost)  
  12  0:44  Assimilator  
  12  0:50  Probe (Chrono Boost)  
  12  0:58  Probe (Chrono Boost)  
  12  1:05  Probe  
  12  1:17  Probe  
  12  1:29  Probe  
  12  1:31  Nexus  
  12  1:39  Pylon  
  12  1:41  Probe  
  12  1:52  Cybernetics Core  
  12  1:54  Probe  
  12  2:06  Probe  
  12  2:16  Assimilator  
  12  2:19  Probe  
  12  2:23  Warp Gate (Chrono Boost)  
  12  2:31  Probe, Adept  
  12  2:43  Probe x2  
  12  2:53  Robotics Facility  
  12  2:55  Probe x2  
  12  3:01  Adept  
  12  3:07  Probe x2  
  12  3:13  Assimilator  
  12  3:16  Assimilator  
  12  3:19  Probe x2  
  12  3:30  Gateway  
  12  3:31  Probe x2, Gateway  
  12  3:42  Observer  
  12  3:43  Probe x2  
  12  3:55  Probe  
  12  3:56  Probe  
  12  4:03  Observer  
  12  4:10  Pylon  
  12  4:11  Pylon  
  12  4:16  Pylon  
  12  4:28  Probe x2  
  12  4:36  Nexus, Stalker  
  12  4:37  Stalker  
  12  4:38  Sentry  
  12  4:40  Probe x2  
  12  4:42  Immortal  
  12  4:50  Pylon  
  12  4:52  Probe x2  
  12  4:58  Pylon  
  12  5:04  Probe x2  
  12  5:12  Sentry  
  12  5:13  Stalker x2  
  12  5:16  Probe x2  
  12  5:20  Twilight Council  
  12  5:28  Probe x2  
  12  5:34  Pylon  
  12  5:38  Immortal  
  12  5:40  Probe x2  
  12  5:51  Probe  
  12  5:53  Probe x2  
  12  5:59  Templar Archives  
  12  6:00  Charge  
  12  6:03  Probe  
  12  6:10  Probe x2  
  12  6:15  Probe  
  12  6:18  Gateway  
  12  6:19  Gateway  
  12  6:22  Probe x2  
  12  6:23  Gateway  
  12  6:25  Gateway  
  12  6:27  Probe  
  12  6:29  Gateway  
  12  6:33  Pylon  
  12  6:34  Probe x2  
  12  6:38  Pylon  
  12  6:39  Probe  
  12  6:42  Immortal  
  12  6:46  Probe x2  
  12  6:51  Probe  
  12  6:53  High Templar x2  
  12  6:55  High Templar  
  12  6:58  Archon  
  12  7:00  Probe x2  
  12  7:03  Probe  
  12  7:11  Forge  
  12  7:12  Probe x2  
  12  7:13  Forge  
  12  7:15  Probe  
  12  7:18  Pylon  
  12  7:20  Pylon  
  12  7:22  High Templar  
  12  7:24  Probe  
  12  7:25  Probe  
  12  7:26  Archon  
  12  7:27  Probe  
  12  7:29  Immortal  
  12  7:32  High Templar  
  12  7:33  High Templar  
  12  7:36  Probe, Archon  
  12  7:37  Probe  
  12  7:38  High Templar  
  12  7:39  High Templar  
  12  7:40  Probe  
  12  7:47  Pylon  
  12  7:48  Probe, Pylon  
  12  7:49  Probe, Protoss Ground Weapons Level 1  
  12  7:50  Protoss Shields Level 1, Pylon x2  
  12  7:52  Probe  
  12  7:55  Archon  
  12  8:00  Probe  
  12  8:01  Probe, High Templar  
  12  8:03  High Templar  
  12  8:05  Probe  
  12  8:08  Immortal  
  12  8:13  Probe x2, Archon  
  12  8:14  Zealot x2  
  12  8:15  Zealot x4  
  12  8:16  Assimilator  
  12  8:17  Assimilator  
  12  8:18  Probe  
  12  8:25  Probe x2  
  12  8:26  Gateway  
  12  8:29  Gateway  
  12  8:30  Probe  
  12  8:40  High Templar x2  
  12  8:42  Zealot x2  
  12  8:43  Zealot x3  
  12  8:44  Archon  
  12  9:00  Pylon  
  12  9:01  Pylon  
  12  9:03  High Templar x3, Pylon  
  12  9:05  Pylon  
  12  9:07  Pylon, Archon  
  12  9:18  Immortal  
  12  9:30  High Templar x2  
  12  9:32  Zealot x5  
  12  9:34  Archon  
  12  9:44  High Templar  
  12  9:45  High Templar  
  12  9:47  Zealot  
  12  9:49  Archon  
  12  9:57  Zealot x5  
  12  10:02  Zealot  
Tags
 
Add a new tag
Caveats
  • Supply blocks, unpowered buildings, or Contaminate may cause inaccurate times.
  • Supply counts are checked every 10 seconds.